[ AOE2 MATCH · #477387271 ]
UnrankedBohemians vs Mongols
Player's team · LOSS
Rival team · WIN
[ REPLAY ANALYSIS · EXTRACTED FROM THE RECORDED GAME ]
Feudal
11:22
Castle
14:52
Imperial
34:50
| APM avg | 41.0 |
| APM peak | 75 |
| eAPM avg | 24.3 |
| Villagers / military | 207 / 446 |
Focus
⚔️ 38.7% · 🌾 61.3%
Skirmisher ×237 · Spearman ×187 · Bombard Cannon ×15 · Monk ×5 · Archer ×1 · Trebuchet (Packed) ×1
Feudal
11:21
Castle
14:51
Imperial
37:37
| APM avg | 52.8 |
| APM peak | 101 |
| eAPM avg | 20.4 |
| Villagers / military | 99 / 188 |
Focus
⚔️ 41.3% · 🌾 58.7%
Steppe Lancer ×89 · Mangudai ×74 · Mangonel ×10 · Trebuchet (Packed) ×6 · Monk ×4 · Petard ×2
Match map
Initial resources + every placement click. Lines = walls · curves = elevation contours. ◆ gold · ⬟ stone · ● berries · ✦ relic · ◌ wall gap
Inputs per minute
— [DCNC] Brunin - - [CL] LinkinG
Build order — [DCNC] Brunin
First 150 of 728 actions detected
| 0:00 | Create | Villager (Male) |
| 0:01 | Create | Villager (Male) |
| 0:01 | Create | Villager (Male) |
| 0:02 | Build | House |
| 0:03 | Build | House |
| 0:09 | Create | Villager (Male) |
| 1:28 | Create | Villager (Male) |
| 1:53 | Build | Lumber Camp |
| 2:02 | Create | Villager (Male) |
| 2:15 | Create | Villager (Male) |
| 2:47 | Create | Villager (Male) |
| 3:18 | Create | Villager (Male) |
| 3:28 | Build | Mill |
| 3:39 | Create | Villager (Male) |
| 3:57 | Create | Villager (Male) |
| 4:24 | Create | Villager (Male) |
| 4:41 | Build | House |
| 4:51 | Build | House |
| 5:06 | Create | Villager (Male) |
| 5:32 | Create | Villager (Male) |
| 6:00 | Create | Villager (Male) |
| 6:23 | Build | Mining Camp |
| 6:26 | Create | Villager (Male) |
| 6:50 | Create | Villager (Male) |
| 7:13 | Create | Villager (Male) |
| 7:19 | Build | Mill |
| 7:52 | Create | Villager (Male) |
| 7:53 | Create | Villager (Male) |
| 8:17 | Create | Villager (Male) |
| 8:36 | Build | House |
| 9:02 | Research | Feudal Age |
| 9:47 | Research | Loom |
| 10:02 | Create | Villager (Male) |
| 10:03 | Create | Villager (Male) |
| 11:22 | Age | Feudal Age |
| 11:27 | Build | Market |
| 11:29 | Build | Blacksmith |
| 12:03 | Build | Lumber Camp |
| 12:12 | Research | Castle Age |
| 12:20 | Research | Double-Bit Axe |
| 12:35 | Build | House |
| 12:41 | Build | House |
| 12:45 | Research | Horse Collar |
| 13:22 | Build | Farm |
| 13:22 | Build | Farm |
| 13:22 | Build | Farm |
| 13:25 | Build | Farm |
| 13:29 | Build | Farm |
| 13:32 | Build | Farm |
| 13:38 | Create | Villager (Male) |
| 13:42 | Build | House |
| 13:57 | Build | Mining Camp |
| 14:52 | Age | Castle Age |
| 14:53 | Build | Monastery |
| 15:00 | Build | Siege Workshop |
| 15:05 | Create | Villager (Male) |
| 15:06 | Create | Villager (Male) |
| 15:11 | Create | Villager (Male) |
| 15:23 | Build | Farm |
| 15:28 | Research | Fervor |
| 15:29 | Create | Monk |
| 15:39 | Create | Villager (Male) |
| 15:46 | Create | Villager (Male) |
| 16:06 | Build | Town Center |
| 16:26 | Create | Villager (Male) |
| 16:29 | Create | Monk |
| 17:00 | Create | Villager (Male) |
| 17:00 | Create | Villager (Male) |
| 17:17 | Create | Villager (Male) |
| 17:23 | Build | Farm |
| 17:23 | Build | Farm |
| 17:24 | Build | Farm |
| 17:24 | Build | Farm |
| 17:39 | Create | Villager (Male) |
| 17:45 | Build | Barracks |
| 17:51 | Create | Villager (Male) |
| 17:55 | Build | Farm |
| 18:05 | Create | Monk |
| 18:13 | Create | Villager (Male) |
| 18:20 | Build | Farm |
| 18:22 | Build | Farm |
| 18:23 | Build | Farm |
| 18:24 | Build | Farm |
| 18:28 | Create | Villager (Male) |
| 18:39 | Create | Monk |
| 18:40 | Create | Villager (Male) |
| 18:49 | Build | Farm |
| 18:49 | Build | Farm |
| 19:03 | Create | Villager (Male) |
| 19:03 | Create | Villager (Male) |
| 19:31 | Create | Villager (Male) |
| 19:31 | Create | Villager (Male) |
| 19:32 | Create | Villager (Male) |
| 19:34 | Build | Farm |
| 19:34 | Build | Farm |
| 19:35 | Build | Farm |
| 19:37 | Build | Archery Range |
| 19:41 | Create | Villager (Male) |
| 19:43 | Build | House |
| 19:44 | Build | House |
| 20:08 | Create | Villager (Male) |
| 20:09 | Create | Villager (Male) |
| 20:17 | Research | Bow Saw |
| 20:30 | Create | Villager (Male) |
| 20:42 | Build | Town Center |
| 20:46 | Create | Villager (Male) |
| 20:46 | Create | Villager (Male) |
| 20:48 | Build | House |
| 20:49 | Build | House |
| 21:00 | Create | Villager (Male) |
| 21:00 | Create | Villager (Male) |
| 21:14 | Create | Skirmisher |
| 21:14 | Create | Skirmisher |
| 21:15 | Create | Villager (Male) |
| 21:33 | Build | Archery Range |
| 21:36 | Create | Monk |
| 21:46 | Research | Fletching |
| 21:46 | Research | Padded Archer Armor |
| 21:52 | Create | Skirmisher |
| 21:52 | Create | Skirmisher |
| 21:57 | Build | House |
| 22:03 | Create | Villager (Male) |
| 22:04 | Create | Villager (Male) |
| 22:04 | Create | Villager (Male) |
| 22:06 | Create | Skirmisher |
| 22:06 | Create | Skirmisher |
| 22:20 | Build | Town Center |
| 22:24 | Create | Villager (Male) |
| 22:24 | Create | Villager (Male) |
| 22:36 | Create | Skirmisher |
| 22:36 | Create | Skirmisher |
| 22:42 | Research | Elite Skirmisher (upgrade) |
| 22:49 | Create | Villager (Male) |
| 22:49 | Create | Villager (Male) |
| 22:53 | Build | Farm |
| 23:19 | Create | Skirmisher |
| 23:19 | Create | Skirmisher |
| 23:19 | Create | Skirmisher |
| 23:20 | Create | Villager (Male) |
| 23:20 | Create | Villager (Male) |
| 23:21 | Create | Villager (Male) |
| 23:34 | Build | Farm |
| 23:35 | Create | Villager (Male) |
| 23:36 | Create | Villager (Male) |
| 23:37 | Create | Skirmisher |
| 23:49 | Build | Farm |
| 23:55 | Create | Skirmisher |
| 23:55 | Create | Skirmisher |
| 23:55 | Create | Skirmisher |
| 23:56 | Create | Skirmisher |
Build order — [CL] LinkinG
First 150 of 408 actions detected
| 0:00 | Create | Villager (Male) |
| 0:01 | Create | Villager (Male) |
| 0:01 | Create | Villager (Male) |
| 0:02 | Build | House |
| 0:04 | Build | House |
| 0:10 | Create | Villager (Male) |
| 0:11 | Create | Villager (Male) |
| 1:22 | Create | Villager (Male) |
| 1:22 | Create | Villager (Male) |
| 1:44 | Build | Lumber Camp |
| 1:51 | Create | Villager (Male) |
| 1:51 | Create | Villager (Male) |
| 2:23 | Create | Villager (Male) |
| 2:23 | Create | Villager (Male) |
| 2:42 | Create | Villager (Male) |
| 3:01 | Create | Villager (Male) |
| 3:01 | Create | Villager (Male) |
| 3:09 | Create | Villager (Male) |
| 3:09 | Create | Villager (Male) |
| 3:32 | Create | Villager (Male) |
| 3:32 | Create | Villager (Male) |
| 3:49 | Build | House |
| 4:05 | Create | Villager (Male) |
| 4:05 | Create | Villager (Male) |
| 4:05 | Create | Villager (Male) |
| 4:05 | Create | Villager (Male) |
| 4:06 | Create | Villager (Male) |
| 4:43 | Build | Mill |
| 5:22 | Create | Villager (Male) |
| 5:32 | Build | Farm |
| 5:40 | Create | Villager (Male) |
| 5:55 | Build | House |
| 5:56 | Create | Villager (Male) |
| 5:57 | Create | Villager (Male) |
| 6:37 | Build | Mill |
| 6:57 | Build | Farm |
| 6:59 | Create | Villager (Male) |
| 7:11 | Build | Farm |
| 7:22 | Create | Villager (Male) |
| 7:23 | Create | Villager (Male) |
| 7:46 | Build | House |
| 7:51 | Build | House |
| 7:56 | Create | Villager (Male) |
| 8:02 | Create | Villager (Male) |
| 8:39 | Research | Feudal Age |
| 8:39 | Research | Feudal Age |
| 8:51 | Build | Mining Camp |
| 9:10 | Build | Farm |
| 9:27 | Build | Mill |
| 9:33 | Create | Villager (Male) |
| 10:00 | Create | Villager (Male) |
| 10:17 | Build | Mining Camp |
| 11:21 | Age | Feudal Age |
| 11:32 | Build | Market |
| 11:35 | Build | Blacksmith |
| 12:09 | Research | Castle Age |
| 12:10 | Research | Castle Age |
| 12:15 | Create | Villager (Male) |
| 12:21 | Research | Double-Bit Axe |
| 12:21 | Research | Double-Bit Axe |
| 12:48 | Build | House |
| 14:43 | Build | Barracks |
| 14:46 | Create | Villager (Male) |
| 14:51 | Age | Castle Age |
| 14:54 | Build | Monastery |
| 15:05 | Build | Castle |
| 15:13 | Research | Fletching |
| 15:26 | Create | Monk |
| 15:31 | Create | Villager (Male) |
| 15:32 | Create | Villager (Male) |
| 15:42 | Create | Spearman |
| 15:51 | Build | Mining Camp |
| 16:26 | Create | Villager (Male) |
| 16:31 | Create | Mangudai |
| 16:31 | Create | Mangudai |
| 16:39 | Create | Villager (Male) |
| 16:46 | Research | Bodkin Arrow |
| 16:46 | Research | Bodkin Arrow |
| 16:59 | Build | Farm |
| 17:02 | Create | Villager (Male) |
| 17:27 | Create | Monk |
| 17:34 | Build | Farm |
| 17:39 | Create | Villager (Male) |
| 17:43 | Create | Mangudai |
| 18:06 | Create | Mangudai |
| 18:09 | Build | Farm |
| 18:13 | Create | Villager (Male) |
| 18:14 | Create | Villager (Male) |
| 18:29 | Create | Villager (Male) |
| 18:37 | Build | Farm |
| 18:43 | Build | Farm |
| 18:43 | Create | Villager (Male) |
| 19:10 | Create | Villager (Male) |
| 19:34 | Build | Farm |
| 19:37 | Build | Farm |
| 19:37 | Create | Villager (Male) |
| 19:37 | Create | Villager (Male) |
| 19:54 | Research | Devotion |
| 19:57 | Build | Farm |
| 20:06 | Create | Monk |
| 20:25 | Create | Villager (Male) |
| 20:47 | Create | Petard |
| 20:48 | Create | Petard |
| 21:08 | Build | Farm |
| 21:08 | Create | Villager (Male) |
| 21:10 | Build | Farm |
| 21:23 | Build | Mining Camp |
| 21:46 | Create | Mangudai |
| 21:49 | Build | University |
| 21:50 | Create | Villager (Male) |
| 21:52 | Create | Villager (Male) |
| 21:55 | Build | House |
| 21:56 | Build | House |
| 22:10 | Create | Mangudai |
| 22:34 | Create | Villager (Male) |
| 22:39 | Research | Padded Archer Armor |
| 23:34 | Create | Mangudai |
| 23:38 | Build | Siege Workshop |
| 23:46 | Research | Ballistics |
| 23:47 | Research | Ballistics |
| 24:04 | Create | Villager (Male) |
| 24:05 | Research | Loom |
| 24:10 | Create | Mangudai |
| 24:11 | Create | Mangudai |
| 24:15 | Create | Villager (Male) |
| 24:15 | Create | Villager (Male) |
| 24:18 | Research | Bow Saw |
| 24:27 | Create | Mangudai |
| 24:54 | Research | Leather Archer Armor |
| 25:21 | Build | Siege Workshop |
| 25:25 | Create | Villager (Male) |
| 25:39 | Create | Mangudai |
| 25:54 | Create | Mangudai |
| 25:56 | Build | Farm |
| 25:58 | Create | Villager (Male) |
| 26:12 | Create | Villager (Male) |
| 26:15 | Create | Battering Ram |
| 26:17 | Create | Mangonel |
| 26:27 | Create | Villager (Male) |
| 26:33 | Build | House |
| 26:40 | Create | Mangonel |
| 26:43 | Create | Mangudai |
| 26:43 | Create | Mangudai |
| 26:57 | Build | Town Center |
| 26:58 | Create | Villager (Male) |
| 27:01 | Build | House |
| 27:02 | Build | House |
| 27:31 | Create | Mangonel |
| 27:33 | Create | Villager (Male) |
| 27:36 | Build | Farm |
Match timeline
| 11:21 | [CL] LinkinG · age_up feudal |
| 11:22 | [DCNC] Brunin · age_up feudal |
| 14:43 | [CL] LinkinG · first_building Barracks |
| 14:51 | [CL] LinkinG · age_up castle |
| 14:52 | [DCNC] Brunin · age_up castle |
| 14:53 | [DCNC] Brunin · first_building Monastery |
| 14:54 | [CL] LinkinG · first_building Monastery |
| 15:00 | [DCNC] Brunin · first_building Siege Workshop |
| 15:05 | [CL] LinkinG · first_building Castle |
| 17:26 | [CL] LinkinG · first_market_sell 100 wood |
| 17:45 | [DCNC] Brunin · first_building Barracks |
| 19:37 | [DCNC] Brunin · first_building Archery Range |
| 20:39 | [DCNC] Brunin · first_market_buy 100 wood |
| 22:01 | [DCNC] Brunin · first_market_sell 100 stone |
| 23:38 | [CL] LinkinG · first_building Siege Workshop |
| 26:40 | [CL] LinkinG · first_market_buy 100 wood |
| 28:01 | [CL] LinkinG · first_building Stable |
| 29:37 | [DCNC] Brunin · first_building Castle |
| 32:58 | [DCNC] Brunin · wall_segment Stone Wall x1 |
| 34:50 | [DCNC] Brunin · age_up imperial |
| 36:47 | [CL] LinkinG · first_building Archery Range |
| 37:37 | [CL] LinkinG · age_up imperial |
| 55:34 | [DCNC] Brunin · wall_segment Stone Wall x1 |
| 55:49 | [DCNC] Brunin · resign |
[ AI ANALYSIS · 1 CREDIT ]
What really happened in this match?
Wolo.gg analyzes every decision: build order, eco, micro, common mistakes by bracket. Personalized analysis on WhatsApp or Discord in 30 seconds.
Civ guide
Bohemians
Perfil
Jugador #3405091